[Event "ICC tourney 2030 (45 10)"]
[Site "Internet Chess Club"]
[Date "2020.10.03"]
[Round "2"]
[White "yihengy"]
[Black "erikajiahuichen"]
[Result "0-1"]
[ICCResult "White checkmated"]
[WhiteElo "1271"]
[BlackElo "1512"]
[Opening "QGD Slav: 4.Nc3"]
[ECO "D15"]
[NIC "SL.03"]
[Time "14:30:00"]
[TimeControl "2700+10"]

1. d4 d5 2. c4 c6 3. Nf3 Nf6 4. Nc3 Bf5 5. cxd5 Nxd5 6. Nxd5 cxd5 7. Qb3 b6
8. e3 a6 9. Bd3 Bg6 10. O-O Nc6 11. Bxa6 Rxa6 12. Qb5 Qc8 13. Ne5 Bf5 14.
Qxc6+ Qxc6 15. Nxc6 e6 16. a4 b5 17. Ne5 Rxa4 18. Rxa4 bxa4 19. Bd2 h5 20.
Ra1 Bc2 21. h3 Bb3 22. Kh2 Bd6 23. Kg3 Ke7 24. Kf3 Ra8 25. Nc6+ Kf6 26. e4
dxe4+ 27. Kxe4 Bd5+ 28. Kd3 Bxc6 29. Bc3 Bd5 30. f3 Kg6 31. Ke3 Bb3 32. f4
a3 33. bxa3 Rxa3 34. Rxa3 Bxa3 35. Kf3 Bd5+ 36. Kg3 Bd6 37. Bd2 Kf6 38. Kh4
Bxg2 39. Kxh5 Bxh3 40. Kh4 Bf1 41. Kg4 Be2+ 42. Kg3 g5 43. Kf2 Bxf4 44. Bxf4
gxf4 45. Kxe2 Kf5 46. Kf3 f6 47. Ke2 Ke4 48. Kf2 Kxd4 49. Kf3 e5 50. Ke2 Ke4
51. Kf2 f3 52. Kg3 Ke3 53. Kg4 f2 54. Kf5 f1=Q+ 55. Ke6 Qh3+ 56. Kd5 Qf3+
57. Ke6 Qf4 58. Kd5 Qd4+ 59. Ke6 f5 60. Kf6 e4+ 61. Kg5 Qg7+ 62. Kh4 Kf4 63.
Kh5 Qh7# {White checkmated} 0-1

[Event "ICC tourney 2030 (45 10)"]
[Site "Internet Chess Club"]
[Date "2020.10.03"]
[Round "2"]
[White "DankMemer"]
[Black "hi321"]
[Result "1-0"]
[ICCResult "Black resigns"]
[WhiteElo "1307"]
[BlackElo "1263"]
[Opening "Queen's pawn, Mason variation"]
[ECO "D00"]
[NIC "QP.08"]
[Time "14:30:50"]
[TimeControl "2700+10"]

1. d4 d5 2. Bf4 Nc6 3. Nf3 Nf6 4. e3 Bf5 5. c4 e6 6. Be2 Bb4+ 7. Nbd2 O-O 8.
O-O h6 9. h3 Bxd2 10. Qxd2 Ne4 11. Qd1 g5 12. Bh2 Kh7 13. a3 Rg8 14. Ne5
Nxe5 15. Bxe5 dxc4 16. f3 Nd6 17. e4 Bg6 18. Bxd6 Qxd6 19. Qd2 Rad8 20. Rfd1
e5 21. d5 f5 22. exf5 Bxf5 23. Qc3 b5 24. b3 Qc5+ 25. Kh1 Rxd5 26. Rxd5 Qxd5
27. Rd1 Qc5 28. bxc4 Re8 29. Rd5 Qe7 30. cxb5 Bg6 31. Rc5 Rc8 32. Rxe5 Qf7
33. Bc4 Qf8 34. Qe3 Re8 35. Rxe8 Qxe8 36. Qxe8 Bxe8 37. Kg1 Kg6 38. Kf2 Kf5
39. a4 c6 40. g3 cxb5 41. Bxb5 Bf7 42. Ke3 h5 43. Kd4 h4 44. Bd7+ Kf6 45.
gxh4 gxh4 46. a5 Kg5 47. Ke5 Bc4 48. f4+ Kg6 49. f5+ Kf7 50. Be6+ Bxe6 51.
fxe6+ Ke7 52. a6 Ke8 53. Kd6 Kd8 54. Kc6 {Black resigns} 1-0

[Event "ICC tourney 2030 (45 10)"]
[Site "Internet Chess Club"]
[Date "2020.10.03"]
[Round "2"]
[White "MariusC"]
[Black "falcon2020"]
[Result "1-0"]
[ICCResult "Black checkmated"]
[WhiteElo "1324"]
[BlackElo "1175"]
[Opening "Petrov: classical attack, Marshall variation"]
[ECO "C42"]
[NIC "RG.04"]
[Time "14:30:14"]
[TimeControl "2700+10"]

1. e4 e5 2. Nf3 Nf6 3. Nxe5 d6 4. Nf3 Nxe4 5. d4 d5 6. Bd3 Bd6 7. O-O O-O 8.
c4 c6 9. Qc2 Re8 10. Re1 Bf5 11. Nc3 Nxc3 12. Bxf5 Ne4 13. Bxe4 dxe4 14.
Rxe4 Nd7 15. Bg5 Nf6 16. Rxe8+ Qxe8 17. Bxf6 gxf6 18. Re1 Qd7 19. Qe4 Kh8
20. Nh4 Rg8 21. Nf5 Bb4 22. Re3 h5 23. a3 Bd2 24. Rh3 Rg5 25. Ng3 Kg8 26.
Rxh5 Rg7 27. Nf5 Rg5 28. Ne7+ Qxe7 29. Rxg5+ Kf8 30. Rg8+ Kxg8 31. Qxe7 Kg7
32. Qxb7 Bc1 33. a4 Kg6 34. b4 Ba3 35. b5 cxb5 36. axb5 Kf5 37. c5 Bb2 38.
Qd5+ Kg6 39. c6 Bxd4 40. Qxd4 f5 41. c7 a5 42. c8=Q a4 43. Qg8+ Kh5 44.
Qdh8# {Black checkmated} 1-0

[Event "ICC tourney 2030 (45 10)"]
[Site "Internet Chess Club"]
[Date "2020.10.03"]
[Round "3"]
[White "tidalwave09"]
[Black "yihengy"]
[Result "1-0"]
[ICCResult "Black checkmated"]
[WhiteElo "1372"]
[BlackElo "1223"]
[Opening "Nimzo-Indian: Leningrad variation"]
[ECO "E30"]
[NIC "NI.25"]
[Time "17:02:09"]
[TimeControl "2700+10"]

1. d4 Nf6 2. c4 e6 3. Nc3 Bb4 4. Bg5 h6 5. Bh4 d5 6. e3 g5 7. Bg3 Ne4 8. Qb3
Bxc3+ 9. bxc3 Nc6 10. Bd3 Nxg3 11. hxg3 Na5 12. Qa4+ Nc6 13. Nf3 Bd7 14. Qa3
Qf6 15. Rb1 O-O-O 16. c5 e5 17. Ba6 exd4 18. Bxb7+ Kb8 19. Bxc6+ Kc8 20.
Qa6# {Black checkmated} 1-0

[Event "ICC tourney 2030 (45 10)"]
[Site "Internet Chess Club"]
[Date "2020.10.03"]
[Round "3"]
[White "TristanCR"]
[Black "falcon2020"]
[Result "0-1"]
[ICCResult "White checkmated"]
[WhiteElo "1127"]
[BlackElo "1178"]
[Opening "Queen's pawn, Mason variation"]
[ECO "D00"]
[NIC "QP.08"]
[Time "17:02:11"]
[TimeControl "2700+10"]

1. d4 d5 2. Bf4 Nf6 3. e3 c5 4. c3 Nc6 5. Nd2 Bf5 6. Ngf3 e6 7. Nh4 Bg6 8.
h3 Bd6 9. c4 Bxf4 10. exf4 Nxd4 11. cxd5 exd5 12. Nb3 Nc2+ 13. Kd2 Nxa1 14.
Qe1+ Ne4+ 15. Kd1 Nxb3 16. Nxg6 fxg6 17. Bb5+ Kf7 18. axb3 a6 19. Bd3 Re8
20. Kc1 Qb6 21. Qd1 Nxf2 22. Bxg6+ hxg6 23. Qxd5+ Qe6 24. Qxb7+ Kg8 25. Rf1
Nd3+ 26. Kb1 Qe4 27. Qxe4 Rxe4 28. Rd1 Rd8 29. g3 Re2 30. h4 Rxb2+ 31. Ka1
Rc2 32. Kb1 Rc1+ 33. Rxc1 Nxc1 34. Kxc1 Rd3 35. Kc2 Rxg3 36. Kb2 Rg4 37. Ka3
Rxh4 38. Ka4 Rxf4+ 39. Ka5 g5 40. Kxa6 Rb4 41. Ka5 g4 42. Ka6 g3 43. Ka5 g2
44. Ka6 g1=Q 45. Ka5 Qa1# {White checkmated} 0-1

[Event "ICC tourney 2030 (45 10)"]
[Site "Internet Chess Club"]
[Date "2020.10.03"]
[Round "3"]
[White "GiganticCell"]
[Black "VarinN"]
[Result "1/2-1/2"]
[ICCResult "Game drawn by mutual agreement"]
[WhiteElo "1326"]
[BlackElo "1445"]
[Opening "Four knights: Rubinstein counter-gambit, exchange variation"]
[ECO "C48"]
[NIC "KP.03"]
[Time "17:02:08"]
[TimeControl "2700+10"]

1. e4 e5 2. Nf3 Nf6 3. Nc3 Nc6 4. Bb5 Nd4 5. Nxd4 exd4 6. Nd5 Nxd5 7. exd5
Be7 8. O-O O-O 9. d3 c6 10. dxc6 dxc6 11. Bc4 Re8 12. Qh5 Be6 13. Bxe6 fxe6
14. Re1 Bf6 15. Bf4 Qd5 16. Qxd5 exd5 17. Kf1 Kf7 18. Rac1 h6 19. c3 Rxe1+
20. Kxe1 Re8+ 21. Kd2 a6 22. c4 Re7 23. cxd5 cxd5 24. Rc7 Rxc7 25. Bxc7 Ke6
26. g4 Be5 27. Bxe5 Kxe5 28. Ke2 Kf4 29. h3 g6 30. b3 b5 31. b4 h5 32. gxh5
gxh5 33. a3 h4 34. Ke1 Kf3 35. Kf1 Kf4 36. Ke2 Kg5 37. Kf3 Kf5 38. Ke2 Ke5
39. Kf3 Kf5 40. Ke2 Kf4 41. Ke1 Ke5 42. Ke2 Kf4 43. Ke1 Kf3 44. Kf1 Kf4 45.
Ke2 Kf5 46. Kf3 Kg5 47. Ke2 {Game drawn by mutual agreement} 1/2-1/2

[Event "ICC tourney 2030 (45 10)"]
[Site "Internet Chess Club"]
[Date "2020.10.03"]
[Round "3"]
[White "Kevinturtle"]
[Black "jalenwang"]
[Result "0-1"]
[ICCResult "White resigns"]
[WhiteElo "1426"]
[BlackElo "1569"]
[Opening "Sicilian: dragon, Yugoslav attack, 10.O-O-O"]
[ECO "B78"]
[NIC "SI.17"]
[Time "17:02:40"]
[TimeControl "2700+10"]

1. e4 c5 2. Nf3 d6 3. d4 cxd4 4. Nxd4 Nf6 5. Nc3 g6 6. Be3 Bg7 7. f3 Nc6 8.
Qd2 O-O 9. O-O-O Bd7 10. Bc4 Rc8 11. Bb3 a6 12. h4 h5 13. Nxc6 Rxc6 14. Bh6
b5 15. Bxg7 Kxg7 16. Nd5 Nxd5 17. Bxd5 Rc7 18. Qg5 Qc8 19. Bb3 Be6 20. Rd2
Rc5 21. Qf4 a5 22. Bxe6 Qxe6 23. b3 Rfc8 24. g4 a4 25. Kb1 axb3 26. axb3 Qd7
27. gxh5 Rxh5 28. Rg1 Qa7 29. Rg5 Ra8 30. c3 Qa1+ 31. Kc2 Ra2+ 32. Kd3 Qb1+
33. Ke3 Qc1 34. Kd3 Qf1+ 35. Kd4 e5+ {White resigns} 0-1

[Event "ICC tourney 2030 (45 10)"]
[Site "Internet Chess Club"]
[Date "2020.10.03"]
[Round "3"]
[White "ranu540"]
[Black "BunnyGambit"]
[Result "0-1"]
[ICCResult "White checkmated"]
[WhiteElo "1302"]
[BlackElo "1509"]
[Opening "Sicilian: Hungarian variation"]
[ECO "B34"]
[NIC "SI.43"]
[Time "17:03:54"]
[TimeControl "2700+10"]

1. e4 c5 2. Nf3 g6 3. d4 cxd4 4. Nxd4 Bg7 5. Be3 Nc6 6. Nc3 d6 7. Nxc6 bxc6
8. Bd4 Nf6 9. e5 dxe5 10. Bxe5 O-O 11. Qxd8 Rxd8 12. Bc4 Bf5 13. Bb3 Ne4 14.
Bxg7 Kxg7 15. Nxe4 Bxe4 16. f3 Bf5 17. Rd1 Rd6 18. Rxd6 exd6 19. Kf2 Re8 20.
Rd1 d5 21. Ba4 Re6 22. Re1 c5 23. Rxe6 Bxe6 24. Ke3 Kf6 25. Kf4 g5+ 26. Ke3
Ke5 27. Bb3 c4 28. Ba4 d4+ 29. Kd2 g4 30. b3 gxf3 31. gxf3 c3+ 32. Kd3 Bf5+
33. Ke2 Bxc2 34. Bb5 Bb1 35. b4 Bxa2 36. Bd3 h6 37. Kf2 Bb3 38. Ke1 Kf4 39.
Ke2 c2 40. Kd2 Kxf3 41. Bxc2 Bxc2 42. Kxc2 Ke2 43. b5 d3+ 44. Kc1 d2+ 45.
Kc2 d1=Q+ 46. Kc3 Qd3+ 47. Kb4 Qd6+ 48. Kc4 Qxh2 49. Kc5 f5 50. b6 axb6+ 51.
Kxb6 f4 52. Kc5 f3 53. Kc4 f2 54. Kb3 f1=Q 55. Kc4 Qd6 56. Kc3 Qc1+ 57. Kb3
Qb6+ 58. Ka2 Qcb2# {White checkmated} 0-1

[Event "ICC tourney 2030 (45 10)"]
[Site "Internet Chess Club"]
[Date "2020.10.03"]
[Round "3"]
[White "Lonelone"]
[Black "lwidjaja"]
[Result "0-1"]
[ICCResult "White resigns"]
[WhiteElo "1352"]
[BlackElo "1513"]
[Opening "Giuoco Piano"]
[ECO "C50"]
[NIC "IG.02"]
[Time "17:02:04"]
[TimeControl "2700+10"]

1. e4 e5 2. Nf3 Nc6 3. Bc4 Bc5 4. O-O Nf6 5. d3 d6 6. c3 O-O 7. a4 a5 8.
Nbd2 Be6 9. Bb5 Ne7 10. Nb3 Bb6 11. d4 exd4 12. cxd4 Nxe4 13. Re1 Nf6 14.
Ng5 Bxb3 15. Qxb3 Nf5 16. d5 Nd4 17. Qc3 Nxd5 18. Qd3 Nf6 19. Be3 Nxb5 20.
axb5 Bxe3 21. Qxe3 h6 22. Nf3 Re8 23. Qc3 Qd7 24. Rxe8+ Rxe8 25. Qxa5 b6 26.
Qb4 Re4 27. Qb3 Qe7 28. h3 Nd7 29. Rc1 Nc5 30. Qc2 Re2 31. Qc3 Ne4 32. Qxc7
Qxc7 33. Rxc7 Rxb2 34. Nd4 Nxf2 35. Rb7 Ne4 36. Rxb6 h5 37. Nf5 g6 38. Nxd6
Nxd6 39. Rxd6 Rxb5 40. Kf2 Kg7 41. Kg3 Rg5+ 42. Kh2 Rf5 43. Kg3 Rf6 44. Rd4
Re6 45. Rf4 g5 46. Rf5 Kg6 47. Rd5 h4+ 48. Kg4 f5+ 49. Kf3 Rf6 50. Re5 Kh5
51. Kf2 g4 52. Ke3 Kg5 53. Rd5 Ra6 54. hxg4 Kxg4 55. Rd4+ Kg3 56. Rd2 f4+
57. Ke4 Kg4 58. Rd7 Re6+ 59. Kd3 Rg6 60. Ke2 Kg3 61. Kf1 Kh2 62. Rd2 h3 63.
gxh3+ Kxh3 64. Rf2 Kg4 65. Ke2 Re6+ 66. Kf1 f3 67. Kg1 Kg3 68. Kf1 Ra6 69.
Kg1 Ra1+ 70. Rf1 Rxf1+ 71. Kxf1 f2 {White resigns} 0-1

[Event "ICC tourney 2030 (45 10)"]
[Site "Internet Chess Club"]
[Date "2020.10.03"]
[Round "3"]
[White "mewto12345"]
[Black "Drshenmeiwu07"]
[Result "0-1"]
[ICCResult "White checkmated"]
[WhiteElo "1222"]
[BlackElo "1437"]
[Opening "Queen's pawn game"]
[ECO "D02"]
[NIC "QP.08"]
[Time "17:02:19"]
[TimeControl "2700+10"]

1. d4 d5 2. Nf3 e6 3. Bf4 Be7 4. e3 Nf6 5. Bd3 O-O 6. Nbd2 c5 7. c3 Nc6 8.
O-O Re8 9. h3 Bd6 10. Bxd6 Qxd6 11. Re1 c4 12. Bc2 e5 13. dxe5 Nxe5 14. Nxe5
Qxe5 15. Nf3 Qc7 16. Nd4 Be6 17. Rb1 Rad8 18. Nxe6 fxe6 19. Qf3 Rf8 20. Qg3
Qf7 21. b3 cxb3 22. Rxb3 Ne4 23. Bxe4 dxe4 24. Reb1 b6 25. R3b2 Rd5 26. c4
Rc5 27. Rc1 h6 28. Rb5 Rcc8 29. c5 Qd7 30. Rcb1 Rxc5 31. Rxc5 bxc5 32. Rc1
Rc8 33. Qe5 Qd5 34. Qxd5 exd5 35. Kf1 c4 36. Ke2 Rc6 37. f3 exf3+ 38. gxf3
Ra6 39. Rc2 Re6 40. Rd2 Re5 41. f4 Rh5 42. Kd1 Kf7 43. e4 Ke6 44. f5+ Kf6
45. Rxd5 Rxh3 46. Rd6+ Ke5 47. Re6+ Kf4 48. Re7 Rg3 49. Rxa7 Kxe4 50. Ra4
Kd5 51. Ra5+ Kd4 52. Ra6 c3 53. Rc6 h5 54. Rc8 h4 55. Rh8 Kd3 56. Rd8+ Ke4
57. Rh8 Rh3 58. Rh5 Kd3 59. Ke1 c2 60. f6 c1=Q+ 61. Kf2 Qd2+ 62. Kg1 Rg3+
63. Kf1 Qe2# {White checkmated} 0-1

[Event "ICC tourney 2030 (45 10)"]
[Site "Internet Chess Club"]
[Date "2020.10.03"]
[Round "3"]
[White "hi321"]
[Black "pari538"]
[Result "1-0"]
[ICCResult "Black checkmated"]
[WhiteElo "1315"]
[BlackElo "1627"]
[Opening "Hungarian defense"]
[ECO "C50"]
[NIC "IG.03"]
[Time "17:02:08"]
[TimeControl "2700+10"]

1. e4 e5 2. Nf3 Nc6 3. Bc4 Be7 4. Nc3 Nf6 5. d3 d6 6. h3 O-O 7. Bd2 Na5 8.
Qe2 Nxc4 9. dxc4 Be6 10. O-O-O Qd7 11. g4 Qc6 12. Nd5 Qd7 13. Nxf6+ Bxf6 14.
g5 Be7 15. Be3 Bxh3 16. Kb1 Bg4 17. Rdg1 g6 18. Rh4 Bh5 19. Rg3 Kg7 20. Qf1
Bxf3 21. Rxf3 Rh8 22. Qh1 f6 23. gxf6+ Bxf6 24. Rhh3 Qe7 25. Rhg3 Kg8 26.
Qh6 Qg7 27. Qh3 Rf8 28. Bh6 Qf7 29. Bxf8 Kxf8 30. b3 Ke8 31. Qc8+ Ke7 32.
Qxc7+ Ke6 33. Qa5 b6 34. Qd5+ Ke7 35. Qc6 Rd8 36. Rd3 Bg7 37. Rgf3 Bf6 38.
Qc7+ Rd7 39. Qc6 Rd8 40. Rd5 Rd7 41. b4 Rd8 42. c5 bxc5 43. bxc5 Rb8+ 44.
Ka1 Rd8 45. cxd6+ Kf8 46. d7 Kg7 47. Rd6 a5 48. Rdxf6 Qxd7 49. Rf7+ Qxf7 50.
Rxf7+ Kxf7 51. Qc7+ Ke8 52. Qxe5+ Kd7 53. Qg7+ Kc8 54. Qc3+ Kd7 55. Qxa5 Ke8
56. Qe5+ Kd7 57. Qg7+ Kc8 58. Qxh7 Rd1+ 59. Kb2 Rd6 60. Qg8+ Kc7 61. Qf7+
Kc6 62. e5 Rd7 63. Qxg6+ Kc7 64. e6 Re7 65. f4 Kd6 66. f5 Ke5 67. Qf7 Kd6
68. Qxe7+ Kxe7 69. c4 Kf6 70. c5 Ke7 71. c6 Kd6 72. a4 Ke7 73. c7 Kd6 74.
c8=Q Ke5 75. Qc5+ Kf6 76. e7 Kf7 77. Qe5 Ke8 78. f6 Kf7 79. e8=Q#
{Black checkmated}
1-0

[Event "ICC tourney 2030 (45 10)"]
[Site "Internet Chess Club"]
[Date "2020.10.03"]
[Round "3"]
[White "blueocean07"]
[Black "NNatha"]
[Result "0-1"]
[ICCResult "White checkmated"]
[WhiteElo "1220"]
[BlackElo "1315"]
[Opening "King's Indian defense, 3.Nc3"]
[ECO "E61"]
[NIC "KI.80"]
[Time "17:03:04"]
[TimeControl "2700+10"]

1. d4 Nf6 2. c4 g6 3. Nc3 Bg7 4. Bg5 O-O 5. e3 d6 6. Be2 Nbd7 7. Nf3 e5 8.
O-O c6 9. dxe5 dxe5 10. Qc2 Qc7 11. Rfd1 Re8 12. Rd2 Nc5 13. b4 Bf5 14. Qb2
Nce4 15. Rdd1 Nxc3 16. Qxc3 Ne4 17. Qb3 Nxg5 18. Nxg5 e4 19. Rac1 h6 20. Nh3
Be5 21. Nf4 Bxf4 22. exf4 Qxf4 23. Rc3 Rad8 24. c5 Be6 25. Bc4 Rd2 26. Rxd2
Qxd2 27. Qc2 Rd8 28. h3 Qxc2 29. Rxc2 Bd5 30. Kf1 Kf8 31. Ke2 Ke7 32. Ke3
Ke6 33. Bxd5+ cxd5 34. Kd4 Rc8 35. b5 f5 36. Rc3 b6 37. c6 Kd6 38. Rg3 g5
39. h4 Rg8 40. hxg5 hxg5 41. Rh3 Re8 42. Rh6+ Re6 43. Rh7 Re7 44. Rxe7 Kxe7
45. Kxd5 g4 46. Ke5 g3 47. fxg3 e3 48. Kxf5 e2 49. g4 e1=Q 50. g5 Qb1+ 51.
Kg4 Qxb5 52. Kh5 Qxc6 53. g6 Qxg2 54. a4 Kf6 55. a5 Kf5 56. g7 Qg5#
{White checkmated}
0-1

[Event "ICC tourney 2030 (45 10)"]
[Site "Internet Chess Club"]
[Date "2020.10.03"]
[Round "3"]
[White "erikajiahuichen"]
[Black "DankMemer"]
[Result "0-1"]
[ICCResult "White checkmated"]
[WhiteElo "1387"]
[BlackElo "1312"]
[Opening "Queen's pawn"]
[ECO "A40"]
[NIC "QO.17"]
[Time "17:08:40"]
[TimeControl "2700+10"]

1. d4 e6 2. Bf4 Nf6 3. e3 d5 4. c4 c6 5. Nc3 dxc4 6. Bxc4 b5 7. Bd3 Bb7 8.
Nf3 Nbd7 9. a3 Be7 10. O-O O-O 11. b4 a5 12. Qb3 Nh5 13. Bg3 Nxg3 14. hxg3
Nf6 15. Rfc1 Qd7 16. Ne4 Nxe4 17. Bxe4 c5 18. Bxb7 c4 19. Qc3 Qxb7 20. Rcb1
axb4 21. axb4 Rxa1 22. Rxa1 Ra8 23. Ra3 Rxa3 24. Qxa3 g6 25. Nd2 Kg7 26. Nb1
Qc6 27. Kh2 Qd6 28. Qa1 Qxb4 29. d5+ Bf6 30. Qa2 exd5 31. Kh3 Qa4 32. Qd2
Qa8 33. Nc3 Qa5 34. Nb1 Qxd2 35. Nxd2 b4 36. Nb1 c3 37. Kg4 b3 38. Na3 c2
39. Nxc2 bxc2 40. Kf3 c1=Q 41. g4 d4 42. exd4 Bxd4 43. g3 Qd2 44. Ke4 Qxf2
45. Kd5 Qxg3 46. Kxd4 Qxg4+ 47. Ke3 Qe2+ 48. Kxe2 f5 49. Kf3 f4 50. Kxf4 Kf6
51. Kg4 h6 52. Kf4 g5+ 53. Kg3 h5 54. Kf2 Kf5 55. Kf3 g4+ 56. Kg3 h4+ 57.
Kxh4 Kf4 58. Kh5 g3 59. Kh4 g2 60. Kh3 g1=Q 61. Kh4 Qg4# {White checkmated}
0-1

[Event "ICC tourney 2030 (45 10)"]
[Site "Internet Chess Club"]
[Date "2020.10.03"]
[Round "3"]
[White "Davide25"]
[Black "niftyfountain"]
[Result "1-0"]
[ICCResult "Black checkmated"]
[WhiteElo "950"]
[BlackElo "1205"]
[Opening "QGD: Anti-neo-orthodox variation"]
[ECO "D54"]
[NIC "QO.13"]
[Time "17:02:31"]
[TimeControl "2700+10"]

1. d4 d5 2. c4 e6 3. Nc3 Nf6 4. Bg5 Be7 5. e3 O-O 6. Rc1 h6 7. Bh4 Nbd7 8.
Nf3 dxc4 9. Bxc4 c5 10. O-O b6 11. Qe2 Bb7 12. Rfd1 Ne4 13. Bxe7 Qxe7 14.
Nxe4 Bxe4 15. Bd3 Bxd3 16. Qxd3 cxd4 17. Nxd4 Nf6 18. Nc6 Qb7 19. Qd6 Rfe8
20. h3 Kh8 21. Rc2 Rac8 22. Rdc1 Ne4 23. Qd1 Nc5 24. Nd4 Ne4 25. Rxc8 Rxc8
26. Rxc8+ Qxc8 27. Qc2 Qxc2 28. Nxc2 Kg8 29. Kf1 Kf8 30. Ke2 Ke7 31. f3 Nf6
32. Nd4 Kd6 33. Nb5+ Kc5 34. Nxa7 Ng8 35. Kd3 b5 36. Nc8 Kc6 37. Kc3 Kc7 38.
Na7 Kb6 39. Nc8+ Kc6 40. Kb4 Nf6 41. e4 Nh5 42. g4 Nf4 43. Na7+ Kb6 44. Nxb5
Nxh3 45. Nd4 e5 46. Nf5 g6 47. Nxh6 Ng5 48. Ng8 Nxf3 49. Nf6 Kc6 50. a4 Kb6
51. a5+ Ka6 52. Ka4 Nd4 53. b4 Nb5 54. Nd7 Nc3+ 55. Kb3 Nxe4 56. Nxe5 f5 57.
gxf5 gxf5 58. Nf3 Kb5 59. Nd4+ Ka6 60. Nxf5 Nd2+ 61. Ka4 Nc4 62. b5+ Ka7 63.
Kb4 Ne5 64. Nd6 Nd7 65. Nc4 Kb7 66. a6+ Ka7 67. Ka5 Nc5 68. b6+ Ka8 69. Kb5
Nd7 70. b7+ Ka7 71. Nd6 Ne5 72. Nc8+ Kb8 73. Ne7 Ka7 74. Nc6+ Nxc6 75. Kxc6
Kb8 76. a7+ Kxa7 77. Kc7 Ka6 78. b8=Q Ka5 79. Kc6 Ka4 80. Kc5 Ka3 81. Kc4
Ka2 82. Kc3 Ka1 83. Qb2# {Black checkmated} 1-0

[Event "ICC tourney 2030 (45 10)"]
[Site "Internet Chess Club"]
[Date "2020.10.03"]
[Round "3"]
[White "chessvedant19"]
[Black "MariusC"]
[Result "0-1"]
[ICCResult "White resigns"]
[WhiteElo "1444"]
[BlackElo "1412"]
[Opening "Queen's gambit accepted"]
[ECO "D20"]
[NIC "QG.03"]
[Time "17:02:10"]
[TimeControl "2700+10"]

1. d4 d5 2. c4 dxc4 3. Nc3 Nf6 4. e4 e6 5. Bxc4 Be7 6. Nf3 O-O 7. Bf4 a6 8.
Qd3 b5 9. Bb3 c5 10. Bc2 Bb7 11. e5 c4 12. Qe3 Nd5 13. Nxd5 Bxd5 14. O-O f6
15. Be4 f5 16. Bxd5 Qxd5 17. Rfd1 Nc6 18. a3 h6 19. h3 Kh7 20. h4 Rad8 21.
Rac1 Qe4 22. Bg3 Qxe3 23. fxe3 g5 24. hxg5 hxg5 25. Kf1 g4 26. Ne1 Bg5 27.
Nc2 f4 28. Ke2 fxg3 29. Rh1+ Kg6 30. Rcf1 Rxf1 31. Rxf1 Kg7 32. Na1 Rf8 33.
Rxf8 Kxf8 34. b3 Na5 35. b4 Nb3 36. Nc2 Ke7 37. Ke1 Nc1 38. Kd2 Nd3 39. Kc3
Kd7 40. a4 Kc6 41. a5 Kd5 42. Kd2 Be7 43. Kc3 Bf8 44. e4+ Kxe4 45. d5 exd5
46. e6 Be7 47. Ne3 d4+ 48. Kd2 dxe3+ 49. Kd1 Nf4 50. Ke1 Bxb4+ 51. Kf1 e2+
{White resigns}
0-1

[Event "ICC tourney 2030 (45 10)"]
[Site "Internet Chess Club"]
[Date "2020.10.04"]
[Round "4"]
[White "mewto12345"]
[Black "yihengy"]
[Result "0-1"]
[ICCResult "White resigns"]
[WhiteElo "1175"]
[BlackElo "1262"]
[Opening "Queen's pawn game"]
[ECO "A46"]
[NIC "QP.05"]
[Time "12:02:14"]
[TimeControl "2700+10"]

1. d4 Nf6 2. Nf3 e6 3. Bf4 Nc6 4. e3 a6 5. Bd3 d5 6. Nbd2 Bd6 7. Bxd6 cxd6
8. O-O e5 9. dxe5 dxe5 10. e4 Bg4 11. exd5 Nxd5 12. h3 Bh5 13. Re1 O-O 14.
Nc4 Re8 15. Qe2 f6 16. Rad1 Nd4 17. g4 Nxe2+ 18. Rxe2 Bf7 19. Red2 e4 20.
Be2 exf3 21. Bxf3 Qc7 22. b3 Nb6 23. Nxb6 Qxb6 24. Rd6 Qc7 25. Rd7 Qxc2 26.
Bxb7 Ra7 27. Be4 Rxd7 28. Bxc2 Rxd1+ 29. Bxd1 Re1+ 30. Kg2 Rxd1 {White
resigns} 0-1

[Event "ICC tourney 2030 (45 10)"]
[Site "Internet Chess Club"]
[Date "2020.10.04"]
[Round "4"]
[White "TristanCR"]
[Black "Pranavthepro"]
[Result "1-0"]
[ICCResult "Black resigns"]
[WhiteElo "1180"]
[BlackElo "1210"]
[Opening "Queen's pawn, Mason variation"]
[ECO "D00"]
[NIC "QP.08"]
[Time "12:02:15"]
[TimeControl "2700+10"]

1. d4 d5 2. Bf4 e6 3. e3 Nf6 4. c3 Be7 5. Nd2 O-O 6. Ngf3 c5 7. b3 Nc6 8.
Bd3 cxd4 9. exd4 Bd6 10. Bg3 Re8 11. Qc2 e5 12. dxe5 Bxe5 13. O-O-O Qa5 14.
Bxe5 Nxe5 15. Nxe5 Rxe5 16. Rde1 Rxe1+ 17. Rxe1 Qa3+ 18. Kb1 Bd7 19. h3 Re8
20. Rxe8+ Bxe8 21. g4 Bc6 22. f3 Qe7 23. g5 Nh5 24. Bxh7+ Kh8 25. g6 Nf6 26.
f4 Nxh7 27. gxh7 Qh4 28. Nf3 Qxf4 29. Qd3 Qh6 30. Ne5 Qxh7 31. Nxf7+ Kg8 32.
Qxh7+ Kxh7 33. Kc2 Kg6 34. Ne5+ Kh5 35. Kd3 Kh4 36. Kd4 Kxh3 37. Kc5 g5 38.
b4 g4 39. b5 Be8 40. b6 g3 41. bxa7 g2 42. Nf3 Kg3 43. Ng1 Kf2 44. a8=Q Kxg1
45. Qxe8 Kh1 46. Qh5+ Kg1 47. Qxd5 Kf1 48. Qxg2+ Kxg2 49. Kb6 Kf3 50. c4 Ke4
51. c5 Kd5 52. a4 Ke6 53. Kxb7 Kd7 54. c6+ Kd8 55. c7+ Kd7 56. c8=Q+
{Black resigns}
1-0

[Event "ICC tourney 2030 (45 10)"]
[Site "Internet Chess Club"]
[Date "2020.10.04"]
[Round "4"]
[White "NNatha"]
[Black "LesserSkilled"]
[Result "1-0"]
[ICCResult "Black checkmated"]
[WhiteElo "1322"]
[BlackElo "1350"]
[Opening "Ruy Lopez: 5.O-O"]
[ECO "C78"]
[NIC "RL.12"]
[Time "12:02:24"]
[TimeControl "2700+10"]

1. e4 e5 2. Nf3 Nc6 3. Bb5 a6 4. Ba4 Nf6 5. O-O b5 6. Bb3 Bc5 7. c3 d6 8. d4
exd4 9. cxd4 Bb6 10. Nc3 Bg4 11. h3 Bxf3 12. Qxf3 Nxd4 13. Qd1 Nxb3 14. Qxb3
Qe7 15. Bg5 Qe5 16. Bxf6 Qxf6 17. Nd5 Qe6 18. Rac1 Rc8 19. Nxb6 Rb8 20. Nd5
O-O 21. Nxc7 Qxe4 22. Nxa6 Rb6 23. Nb4 Re8 24. Nd5 Rb7 25. Nc3 Qf5 26. Qd5
Qxd5 27. Nxd5 h6 28. Rfe1 Ra8 29. Nb4 Ra4 30. a3 Rd7 31. Rc6 d5 32. Rd1 Ra8
33. Rc5 d4 34. Rd5 Re7 35. R5xd4 Re2 36. Rd8+ Rxd8 37. Rxd8+ Kh7 38. b3 Rb2
39. Rd3 Rb1+ 40. Kh2 Rb2 41. Kg3 Kg6 42. Kf3 Kf6 43. Nd5+ Ke5 44. Ke3 Ra2
45. f4+ Kf5 46. g4+ Kg6 47. b4 Rh2 48. Kd4 f5 49. Ne7+ Kf6 50. Nxf5 h5 51.
Nd6 hxg4 52. hxg4 Rf2 53. Ne4+ Ke6 54. Nxf2 g6 55. Ke4 Kf6 56. g5+ Ke6 57.
Ng4 Ke7 58. Ke5 Kf7 59. Nh6+ Ke7 60. Rd6 Kf8 61. Ke6 Ke8 62. Ng8 Kf8 63. Nf6
Kg7 64. Rd7+ Kh8 65. Rh7# {Black checkmated} 1-0

[Event "ICC tourney 2030 (45 10)"]
[Site "Internet Chess Club"]
[Date "2020.10.04"]
[Round "4"]
[White "niftyfountain"]
[Black "ranu540"]
[Result "0-1"]
[ICCResult "White checkmated"]
[WhiteElo "1158"]
[BlackElo "1305"]
[Opening "Sicilian: accelerated fianchetto, modern variation"]
[ECO "B34"]
[NIC "SI.33"]
[Time "12:03:50"]
[TimeControl "2700+10"]

1. e4 c5 2. Nf3 Nc6 3. d4 cxd4 4. Nxd4 g6 5. Nc3 Bg7 6. Be3 Nf6 7. f3 Qb6 8.
Rb1 Nxe4 9. Nf5 Bxc3+ 10. bxc3 Nxc3 11. Bxb6 Nxd1 12. Kxd1 axb6 13. Rxb6
gxf5 14. Rb2 Rg8 15. Rg1 Nd4 16. Be2 Nxe2 17. Kxe2 Ra7 18. Kf2 d6 19. Ra1
Be6 20. Rab1 Bd5 21. Rb5 Bc6 22. R5b2 Kd7 23. Ra1 Rga8 24. c4 Ra5 25. Rc2
Rc5 26. Ke2 Ra3 27. Rac1 Ba4 28. Rb2 Kc7 29. Rcb1 Bc6 30. Rc2 Bd5 31. Rbc1
Be6 32. f4 Ra4 33. Kd3 Kc6 34. g3 Rca5 35. Ra1 Kc5 36. Rb1 Ra7 37. Rb5+ Kc6
38. Rcb2 Bxc4+ 39. Kd4 Bxb5+ 40. Kc3 Rc4+ 41. Kd2 Raa4 42. Kd3 Rd4+ 43. Ke3
Re4+ 44. Kf3 Ra3+ 45. Kf2 Re2+ 46. Rxe2 Bxe2 47. Kxe2 Rxa2+ 48. Kf3 Rc2 49.
Ke3 b5 50. Kd3 Rc5 51. Kd2 b4 52. Kd1 b3 53. Kd2 b2 54. Kd3 b1=Q+ 55. Kd4
Qb4+ 56. Ke3 Rc3+ 57. Ke2 Qb2+ 58. Ke1 Rc1# {White checkmated} 0-1